[ AOE2 MATCH · #506007763 ]
UnrankedPortuguese vs Berbers
Player's team · WIN
Rival team · LOSS
[ REPLAY ANALYSIS · EXTRACTED FROM THE RECORDED GAME ]
Feudal
10:10
Castle
18:48
Imperial
34:29
| APM avg | 95.6 |
| APM peak | 146 |
| eAPM avg | 53.5 |
| Villagers / military | 191 / 110 |
Focus
⚔️ 55.8% · 🌾 44.2%
Archer ×51 · Organ Gun ×33 · Knight ×9 · Spearman ×6 · Monk ×5 · Trebuchet (Packed) ×4
Feudal
10:59
Castle
19:35
Imperial
38:12
| APM avg | 105.8 |
| APM peak | 191 |
| eAPM avg | 50.9 |
| Villagers / military | 167 / 108 |
Focus
⚔️ 68.3% · 🌾 31.7%
Genitour ×64 · Camel Scout ×19 · Skirmisher ×9 · Cavalry Archer ×6 · Militia ×5 · Knight ×3
Match map
Initial resources + every placement click. Lines = walls · curves = elevation contours. ◆ gold · ⬟ stone · ● berries · ✦ relic · ◌ wall gap
Your base· Open — unwalled flank
F1Re's base· Open — 6t gap
Smoothed initial terrain · ◌ = detected wall gap · hover for details
Inputs per minute
— wR.Lucho - - F1Re
Build order — wR.Lucho
First 150 of 555 actions detected
| 0:00 | Create | Villager (Male) |
| 0:01 | Build | House |
| 0:02 | Build | House |
| 0:05 | Create | Villager (Male) |
| 0:18 | Create | Villager (Male) |
| 0:19 | Create | Villager (Male) |
| 1:30 | Create | Villager (Male) |
| 1:54 | Build | Lumber Camp |
| 2:05 | Create | Villager (Male) |
| 2:29 | Create | Villager (Male) |
| 2:30 | Create | Villager (Male) |
| 3:15 | Create | Villager (Male) |
| 3:15 | Create | Villager (Male) |
| 3:15 | Create | Villager (Male) |
| 3:49 | Build | House |
| 3:51 | Create | Villager (Male) |
| 4:17 | Build | Mill |
| 4:26 | Create | Villager (Male) |
| 4:48 | Build | Palisade Wall |
| 4:50 | Build | Palisade Wall |
| 4:58 | Create | Villager (Male) |
| 5:05 | Build | Palisade Wall |
| 5:11 | Create | Villager (Male) |
| 5:15 | Build | Palisade Wall |
| 5:15 | Build | Palisade Wall |
| 5:16 | Build | Palisade Wall |
| 5:44 | Create | Villager (Male) |
| 5:46 | Build | Palisade Wall |
| 5:54 | Create | Villager (Male) |
| 6:16 | Build | House |
| 6:21 | Build | Farm |
| 6:38 | Create | Villager (Male) |
| 7:07 | Create | Villager (Male) |
| 7:16 | Build | Mining Camp |
| 7:19 | Build | Palisade Wall |
| 7:29 | Create | Villager (Male) |
| 7:41 | Build | Palisade Wall |
| 8:00 | Research | Feudal Age |
| 8:00 | Research | Feudal Age |
| 8:13 | Build | Palisade Wall |
| 8:24 | Build | Palisade Wall |
| 8:28 | Build | Palisade Wall |
| 8:36 | Build | Farm |
| 8:53 | Build | Palisade Wall |
| 8:56 | Build | Palisade Wall |
| 9:00 | Build | Palisade Wall |
| 9:04 | Create | Villager (Male) |
| 9:07 | Build | Palisade Wall |
| 9:11 | Build | Palisade Wall |
| 9:54 | Build | Lumber Camp |
| 10:10 | Age | Feudal Age |
| 10:11 | Research | Loom |
| 10:11 | Create | Villager (Male) |
| 10:13 | Build | Barracks |
| 10:14 | Research | Double-Bit Axe |
| 10:49 | Create | Villager (Male) |
| 10:52 | Research | Horse Collar |
| 10:54 | Build | Farm |
| 10:55 | Build | Farm |
| 10:56 | Build | Farm |
| 11:05 | Create | Villager (Male) |
| 11:16 | Build | House |
| 11:22 | Research | Wheelbarrow |
| 11:24 | Build | Farm |
| 11:43 | Build | Archery Range |
| 11:46 | Build | Palisade Wall |
| 11:52 | Build | House |
| 11:53 | Build | Palisade Wall |
| 11:54 | Build | Palisade Wall |
| 12:02 | Build | Farm |
| 12:11 | Create | Villager (Male) |
| 12:16 | Build | House |
| 12:17 | Build | Palisade Wall |
| 12:36 | Build | Palisade Wall |
| 12:37 | Build | Palisade Wall |
| 12:38 | Build | Palisade Wall |
| 12:38 | Create | Archer |
| 12:44 | Build | House |
| 12:47 | Create | Villager (Male) |
| 12:48 | Build | Farm |
| 12:52 | Build | Palisade Wall |
| 12:52 | Build | Palisade Wall |
| 12:53 | Build | Palisade Wall |
| 13:02 | Create | Spearman |
| 13:04 | Create | Archer |
| 13:10 | Create | Villager (Male) |
| 13:12 | Build | House |
| 13:24 | Create | Archer |
| 13:37 | Build | House |
| 13:38 | Create | Villager (Male) |
| 13:39 | Build | Farm |
| 13:40 | Create | Villager (Male) |
| 13:44 | Build | Palisade Wall |
| 13:57 | Build | Farm |
| 13:57 | Build | Farm |
| 13:58 | Create | Archer |
| 14:08 | Build | Palisade Wall |
| 14:25 | Create | Villager (Male) |
| 14:26 | Build | Farm |
| 14:27 | Create | Archer |
| 14:46 | Create | Villager (Male) |
| 15:04 | Build | Blacksmith |
| 15:09 | Build | House |
| 15:15 | Create | Villager (Male) |
| 15:28 | Create | Archer |
| 15:30 | Build | House |
| 15:35 | Create | Villager (Male) |
| 15:56 | Build | House |
| 15:59 | Build | House |
| 16:00 | Build | House |
| 16:08 | Research | Castle Age |
| 16:19 | Build | House |
| 16:21 | Research | Gold Mining |
| 16:31 | Create | Archer |
| 16:41 | Create | Archer |
| 16:55 | Create | Archer |
| 17:03 | Create | Archer |
| 17:06 | Research | Fletching |
| 17:06 | Research | Fletching |
| 17:25 | Create | Archer |
| 17:32 | Build | Farm |
| 18:01 | Build | Stable |
| 18:05 | Create | Archer |
| 18:34 | Create | Archer |
| 18:37 | Create | Villager (Male) |
| 18:48 | Build | Farm |
| 18:48 | Build | Farm |
| 18:48 | Age | Castle Age |
| 18:50 | Research | Crossbowman (upgrade) |
| 18:50 | Research | Bodkin Arrow |
| 18:57 | Build | Town Center |
| 19:01 | Create | Knight |
| 19:12 | Create | Villager (Male) |
| 19:22 | Create | Archer |
| 19:29 | Build | Farm |
| 19:34 | Research | Bow Saw |
| 19:39 | Create | Villager (Male) |
| 19:47 | Create | Archer |
| 19:55 | Build | Farm |
| 20:07 | Create | Villager (Male) |
| 20:16 | Create | Villager (Male) |
| 20:17 | Build | Farm |
| 20:17 | Create | Archer |
| 20:22 | Create | Villager (Male) |
| 20:25 | Build | Farm |
| 20:39 | Create | Villager (Male) |
| 20:39 | Create | Villager (Male) |
| 20:39 | Create | Villager (Male) |
| 20:44 | Create | Archer |
| 21:03 | Create | Archer |
Build order — F1Re
First 150 of 497 actions detected
| 0:00 | Create | Villager (Male) |
| 0:01 | Build | House |
| 0:02 | Build | House |
| 0:04 | Create | Villager (Male) |
| 0:06 | Create | Villager (Male) |
| 0:09 | Create | Villager (Male) |
| 1:38 | Create | Villager (Male) |
| 2:03 | Create | Villager (Male) |
| 2:03 | Create | Villager (Male) |
| 2:23 | Create | Villager (Male) |
| 2:40 | Build | Barracks |
| 2:44 | Create | Villager (Male) |
| 3:02 | Build | House |
| 3:13 | Create | Villager (Male) |
| 3:13 | Create | Villager (Male) |
| 3:41 | Create | Villager (Male) |
| 3:44 | Create | Militia |
| 4:04 | Create | Villager (Male) |
| 4:18 | Create | Militia |
| 4:26 | Build | House |
| 4:38 | Research | Loom |
| 4:58 | Create | Villager (Male) |
| 5:04 | Build | House |
| 5:22 | Create | Villager (Male) |
| 5:22 | Create | Villager (Male) |
| 5:40 | Create | Villager (Male) |
| 6:12 | Create | Militia |
| 6:44 | Create | Villager (Male) |
| 7:04 | Create | Villager (Male) |
| 7:13 | Create | Villager (Male) |
| 7:14 | Create | Villager (Male) |
| 7:30 | Build | Lumber Camp |
| 8:01 | Create | Villager (Male) |
| 8:49 | Research | Feudal Age |
| 9:01 | Build | Mill |
| 9:46 | Build | Farm |
| 10:11 | Build | House |
| 10:20 | Build | House |
| 10:41 | Create | Militia |
| 10:49 | Build | Farm |
| 10:51 | Build | Farm |
| 10:59 | Age | Feudal Age |
| 11:02 | Create | Militia |
| 11:02 | Create | Villager (Male) |
| 11:03 | Research | Double-Bit Axe |
| 11:24 | Build | Farm |
| 11:25 | Create | Villager (Male) |
| 11:36 | Create | Villager (Male) |
| 11:37 | Create | Villager (Male) |
| 11:37 | Create | Villager (Male) |
| 11:39 | Build | House |
| 11:48 | Create | Villager (Male) |
| 11:55 | Build | Mining Camp |
| 12:05 | Build | Farm |
| 12:19 | Build | Palisade Wall |
| 12:21 | Create | Villager (Male) |
| 12:46 | Build | Farm |
| 12:57 | Create | Villager (Male) |
| 13:00 | Build | Farm |
| 13:06 | Research | Man-at-Arms (upgrade) |
| 13:23 | Build | House |
| 13:24 | Build | Palisade Wall |
| 13:32 | Build | Farm |
| 13:34 | Build | Palisade Wall |
| 14:07 | Create | Villager (Male) |
| 14:19 | Create | Villager (Male) |
| 14:20 | Build | Archery Range |
| 14:47 | Build | House |
| 14:49 | Create | Villager (Male) |
| 14:51 | Build | Farm |
| 15:09 | Build | Farm |
| 15:17 | Build | Farm |
| 15:17 | Create | Villager (Male) |
| 15:19 | Build | House |
| 15:47 | Create | Villager (Male) |
| 16:03 | Build | Blacksmith |
| 16:04 | Build | Palisade Wall |
| 16:08 | Create | Skirmisher |
| 16:29 | Build | Farm |
| 16:30 | Create | Villager (Male) |
| 16:49 | Research | Castle Age |
| 16:49 | Research | Castle Age |
| 16:57 | Create | Skirmisher |
| 17:14 | Build | Farm |
| 17:14 | Build | Farm |
| 17:16 | Create | Skirmisher |
| 17:19 | Build | Farm |
| 17:20 | Research | Horse Collar |
| 17:20 | Research | Horse Collar |
| 17:30 | Build | House |
| 17:36 | Build | House |
| 17:45 | Research | Fletching |
| 17:50 | Create | Skirmisher |
| 17:59 | Build | House |
| 18:00 | Build | House |
| 18:07 | Build | House |
| 18:14 | Build | Farm |
| 18:16 | Build | Farm |
| 18:17 | Research | Padded Archer Armor |
| 18:17 | Create | Skirmisher |
| 18:46 | Build | Stable |
| 18:51 | Create | Skirmisher |
| 19:03 | Build | House |
| 19:33 | Build | Farm |
| 19:35 | Age | Castle Age |
| 19:38 | Research | Bodkin Arrow |
| 19:38 | Create | Villager (Male) |
| 19:42 | Research | Elite Skirmisher (upgrade) |
| 19:42 | Research | Elite Skirmisher (upgrade) |
| 19:53 | Create | Knight |
| 20:04 | Build | Farm |
| 20:05 | Research | Town Watch |
| 20:09 | Build | House |
| 20:13 | Create | Villager (Male) |
| 20:19 | Create | Skirmisher |
| 20:36 | Create | Camel Scout |
| 20:37 | Create | Skirmisher |
| 20:49 | Create | Villager (Male) |
| 20:52 | Build | Town Center |
| 21:16 | Create | Villager (Male) |
| 21:18 | Build | Farm |
| 21:31 | Create | Villager (Male) |
| 21:31 | Create | Villager (Male) |
| 21:44 | Research | Leather Archer Armor |
| 21:46 | Create | Skirmisher |
| 21:48 | Build | Farm |
| 21:49 | Create | Villager (Male) |
| 22:00 | Create | Villager (Male) |
| 22:00 | Create | Villager (Male) |
| 22:08 | Create | Villager (Male) |
| 22:27 | Create | Villager (Male) |
| 22:27 | Create | Villager (Male) |
| 22:36 | Build | Farm |
| 22:37 | Build | Farm |
| 22:37 | Create | Villager (Male) |
| 22:41 | Create | Genitour |
| 22:51 | Create | Villager (Male) |
| 22:51 | Create | Villager (Male) |
| 22:55 | Build | Farm |
| 22:55 | Build | Farm |
| 23:03 | Create | Villager (Male) |
| 23:03 | Create | Villager (Male) |
| 23:15 | Create | Villager (Male) |
| 23:23 | Create | Villager (Male) |
| 23:25 | Build | Farm |
| 23:26 | Build | Farm |
| 23:27 | Create | Villager (Male) |
| 23:27 | Create | Villager (Male) |
| 23:29 | Build | Mill |
| 23:34 | Create | Villager (Male) |
Match timeline
| 2:40 | F1Re · first_building Barracks |
| 4:48 | wR.Lucho · wall_segment Palisade Wall x1 |
| 4:50 | wR.Lucho · wall_segment Palisade Wall x6 |
| 5:05 | wR.Lucho · wall_segment Palisade Wall x2 |
| 5:15 | wR.Lucho · wall_segment Palisade Wall x1 |
| 5:15 | wR.Lucho · wall_segment Palisade Wall x1 |
| 5:16 | wR.Lucho · wall_segment Palisade Wall x1 |
| 5:46 | wR.Lucho · wall_segment Palisade Wall x3 |
| 7:19 | wR.Lucho · wall_segment Palisade Wall x1 |
| 7:41 | wR.Lucho · wall_segment Palisade Wall x1 |
| 8:13 | wR.Lucho · wall_segment Palisade Wall x4 |
| 8:24 | wR.Lucho · wall_segment Palisade Wall x1 |
| 8:28 | wR.Lucho · wall_segment Palisade Wall x1 |
| 8:53 | wR.Lucho · wall_segment Palisade Wall x4 |
| 8:56 | wR.Lucho · wall_segment Palisade Wall x1 |
| 9:00 | wR.Lucho · wall_segment Palisade Wall x1 |
| 9:07 | wR.Lucho · wall_segment Palisade Wall x1 |
| 9:11 | wR.Lucho · wall_segment Palisade Wall x1 |
| 10:10 | wR.Lucho · age_up feudal |
| 10:13 | wR.Lucho · first_building Barracks |
| 10:59 | F1Re · age_up feudal |
| 11:43 | wR.Lucho · first_building Archery Range |
| 11:46 | wR.Lucho · wall_segment Palisade Wall x1 |
| 11:53 | wR.Lucho · wall_segment Palisade Wall x1 |
| 11:54 | wR.Lucho · wall_segment Palisade Wall x4 |
| 12:17 | wR.Lucho · wall_segment Palisade Wall x12 |
| 12:19 | F1Re · wall_segment Palisade Wall x7 |
| 12:36 | wR.Lucho · wall_segment Palisade Wall x1 |
| 12:37 | wR.Lucho · wall_segment Palisade Wall x1 |
| 12:38 | wR.Lucho · wall_segment Palisade Wall x1 |
| 12:52 | wR.Lucho · wall_segment Palisade Wall x1 |
| 12:52 | wR.Lucho · wall_segment Palisade Wall x1 |
| 12:53 | wR.Lucho · wall_segment Palisade Wall x1 |
| 13:24 | F1Re · wall_segment Palisade Wall x3 |
| 13:34 | F1Re · wall_segment Palisade Wall x11 |
| 13:44 | wR.Lucho · wall_segment Palisade Wall x1 |
| 14:08 | wR.Lucho · wall_segment Palisade Wall x6 |
| 14:20 | F1Re · first_building Archery Range |
| 16:04 | F1Re · wall_segment Palisade Wall x1 |
| 18:01 | wR.Lucho · first_building Stable |
| 18:46 | F1Re · first_building Stable |
| 18:48 | wR.Lucho · age_up castle |
| 19:35 | F1Re · age_up castle |
| 24:11 | wR.Lucho · first_building Siege Workshop |
| 26:17 | wR.Lucho · first_building Monastery |
| 30:52 | wR.Lucho · first_building Castle |
| 32:58 | wR.Lucho · wall_segment Stone Wall x1 |
| 34:24 | F1Re · first_market_sell 500 food |
| 34:29 | wR.Lucho · age_up imperial |
| 34:39 | F1Re · first_building Monastery |
| 34:44 | wR.Lucho · first_market_sell 100 food |
| 34:45 | wR.Lucho · first_market_buy 100 stone |
| 35:05 | F1Re · first_market_buy 100 stone |
| 35:06 | F1Re · first_building Castle |
| 38:12 | F1Re · age_up imperial |
| 42:08 | F1Re · first_building Siege Workshop |
| 44:12 | F1Re · resign |
[ AI ANALYSIS · 1 CREDIT ]
What really happened in this match?
Wolo.gg analyzes every decision: build order, eco, micro, common mistakes by bracket. Personalized analysis on WhatsApp or Discord in 30 seconds.
Civ guide
Portuguese
Perfil
Jugador #9423131